TOP OF THE 1ST |
Texarkana Bears batting - Pitching for Houston Hammertime : LHP Martin White
|
Pitching: LHP Martin White
|
|
Batting: LHB Sam Barnes
|
0-0: Called Strike 0-1: Foul Ball, location: 2F 0-2: Ball 1-2: SINGLE (Groundball, 4MD)
|
Batting: RHB Roger Rush
|
0-0: Called Strike 0-1: Ball 1-1: Swinging Strike 1-2: Strikes out swinging
|
Batting: RHB Gilberto López
|
0-0: Called Strike 0-1: Ball 1-1: Swinging Strike 1-2: Ball 2-2: Foul Ball, location: 2F 2-2: SINGLE (Groundball, 56D) Sam Barnes to second
|
Batting: RHB Eric Green
|
0-0: Ball 1-0: Called Strike 1-1: Ball 2-1: Ball 3-1: Base on Balls Sam Barnes to third Gilberto López to second
|
Batting: LHB Tom Mullins
|
0-0: Ball 1-0: Ball 2-0: Foul Ball, location: 2F 2-1: Called Strike 2-2: Ball 3-2: Strikes out swinging
|
Batting: RHB Jaime Delgado
|
0-0: Called Strike 0-1: Foul Ball, location: 2F 0-2: Ball 1-2: Ground out U3 (Groundball, 3)
|
Top of the 1st over - 0 runs, 2 hits, 0 errors, 3 left on base; Texarkana 0 - Houston 0 |
BOTTOM OF THE 1ST |
Houston Hammertime batting - Pitching for Texarkana Bears : RHP Kosami Tagawa
|
Pitching: RHP Kosami Tagawa
|
|
Batting: RHB Juan Carlos
|
0-0: Ball 1-0: Ball 2-0: Ball 3-0: Base on Balls
|
Batting: RHB Ron Elazar
|
0-0: Ball 1-0: Called Strike 1-1: Foul Ball, location: 2F 1-2: Ball 2-2: Ball Juan Carlos steals 2nd base 3-2: Base on Balls
|
Batting: LHB Francisco Cardenas
|
0-0: Foul Ball, location: 2F 0-1: Called Strike 0-2: Ball 1-2: Ball 2-2: Fly out, F6 (Popup, 6MS)
|
Batting: LHB Marcos Cantú
|
0-0: Ball 1-0: Ball Juan Carlos steals 3rd base Ron Elazar to second 2-0: Called Strike 2-1: Swinging Strike 2-2: Ball 3-2: Foul Ball, location: 2F 3-2: Base on Balls
|
Batting: LHB Dave Gordon
|
0-0: Ball 1-0: Foul Ball, location: 2F 1-1: Ground out 5-3 (Groundball, 56S) Juan Carlos scores Ron Elazar to third Marcos Cantú to second
|
Batting: RHB Jorge Barbosa
|
0-0: Called Strike 0-1: Ground out 5-3 (Groundball, 5L)
|
Bottom of the 1st over - 1 run, 0 hits, 0 errors, 2 left on base; Texarkana 0 - Houston 1 |
TOP OF THE 2ND |
Texarkana Bears batting - Pitching for Houston Hammertime : LHP Martin White
|
Batting: RHB Steve Garneys
|
0-0: Ball 1-0: Foul Ball, location: 2F 1-1: Fly out, F9 (Flyball, 9S)
|
Batting: RHB Michael Thomas
|
0-0: SINGLE (Line Drive, 34D)
|
Batting: LHB Alberto Medine
|
0-0: Swinging Strike 0-1: Ball 1-1: Grounds into double play, 4-6-3 (Groundball, 4)
|
Top of the 2nd over - 0 runs, 1 hit, 0 errors, 0 left on base; Texarkana 0 - Houston 1 |
BOTTOM OF THE 2ND |
Houston Hammertime batting - Pitching for Texarkana Bears : RHP Kosami Tagawa
|
Batting: RHB José García
|
0-0: Foul Ball, location: 2F 0-1: Swinging Strike 0-2: Foul Ball, location: 2F 0-2: Strikes out swinging
|
Batting: LHB António Camacho
|
0-0: Called Strike 0-1: Ball 1-1: Ball 2-1: Fly out, F9 (Line Drive, 89D)
|
Batting: LHB Enrique Valentín
|
0-0: Called Strike 0-1: DOUBLE (Flyball, 89D)
|
Batting: RHB Juan Carlos
|
0-0: Ball 1-0: Ball 2-0: Fly out, F3 (Line Drive, 3L)
|
Bottom of the 2nd over - 0 runs, 1 hit, 0 errors, 1 left on base; Texarkana 0 - Houston 1 |
TOP OF THE 3RD |
Texarkana Bears batting - Pitching for Houston Hammertime : LHP Martin White
|
Batting: LHB Sam Barnes
|
0-0: Called Strike 0-1: Ball 1-1: Ball 2-1: Ball 3-1: Called Strike 3-2: Foul Ball, location: 2F 3-2: Ground out 4-3 (Groundball, 4M)
|
Batting: RHB Roger Rush
|
0-0: Ball 1-0: Fly out, F9 (Flyball, 9S)
|
Batting: RHB Gilberto López
|
0-0: Called Strike 0-1: Swinging Strike 0-2: Foul Ball, location: 2F 0-2: Foul Ball, location: 2F 0-2: Fly out, F8 (Flyball, 8LD)
|
Top of the 3rd over - 0 runs, 0 hits, 0 errors, 0 left on base; Texarkana 0 - Houston 1 |
BOTTOM OF THE 3RD |
Houston Hammertime batting - Pitching for Texarkana Bears : RHP Kosami Tagawa
|
Batting: RHB Ron Elazar
|
0-0: Ball 1-0: Swinging Strike 1-1: Ball 2-1: Foul Ball, location: 2F 2-2: Strikes out swinging
|
Batting: LHB Francisco Cardenas
|
0-0: Foul Ball, location: 2F 0-1: Ball 1-1: Ball 2-1: SINGLE (Groundball, 15S) (infield hit)
|
Batting: LHB Marcos Cantú
|
0-0: Ball 1-0: Ball 2-0: Ball 3-0: Called Strike 3-1: Base on Balls Francisco Cardenas to second
|
Batting: LHB Dave Gordon
|
0-0: Ball 1-0: Ball 2-0: Called Strike 2-1: Foul Ball, location: 2F 2-2: Ball 3-2: Foul Ball, location: 2F 3-2: Base on Balls Francisco Cardenas to third Marcos Cantú to second
|
Batting: RHB Jorge Barbosa
|
0-0: Called Strike 0-1: Ball 1-1: Ball 2-1: Foul Ball, location: 2F 2-2: Ball 3-2: Base on Balls Francisco Cardenas scores Marcos Cantú to third Dave Gordon to second
|
Batting: RHB José García
|
0-0: Grounds into double play, 3-6-3 (Groundball, 3)
|
Bottom of the 3rd over - 1 run, 1 hit, 0 errors, 2 left on base; Texarkana 0 - Houston 2 |
TOP OF THE 4TH |
Texarkana Bears batting - Pitching for Houston Hammertime : LHP Martin White
|
Batting: RHB Eric Green
|
0-0: SINGLE (Groundball, 6D)
|
Batting: LHB Tom Mullins
|
0-0: Ball 1-0: Fly out, F7 (Line Drive, 7)
|
Batting: RHB Jaime Delgado
|
0-0: Ball 1-0: Called Strike 1-1: TRIPLE (Flyball, 9D) Eric Green scores
|
Batting: RHB Steve Garneys
|
0-0: Ball 1-0: Ball 2-0: Called Strike 2-1: Ball 3-1: Foul Ball, location: 2F 3-2: Strikes out swinging
|
Batting: RHB Michael Thomas
|
0-0: Ball 1-0: Ball 2-0: DOUBLE (Line Drive, 78XD) Jaime Delgado scores
|
Batting: LHB Alberto Medine
|
0-0: Called Strike 0-1: Ball 1-1: Called Strike 1-2: Foul Ball, location: 2F 1-2: Foul Ball, location: 2F 1-2: Ball 2-2: Ball 3-2: SINGLE (Line Drive, 4D) Michael Thomas to third Michael Thomas scores
|
Batting: LHB Sam Barnes
|
0-0: Ball 1-0: Foul Ball, location: 2F 1-1: Called Strike 1-2: Foul Ball, location: 2F 1-2: Strikes out swinging
|
Top of the 4th over - 3 runs, 4 hits, 0 errors, 1 left on base; Texarkana 3 - Houston 2 |
BOTTOM OF THE 4TH |
Houston Hammertime batting - Pitching for Texarkana Bears : RHP Kosami Tagawa
|
Batting: LHB António Camacho
|
0-0: Swinging Strike 0-1: Ball 1-1: Called Strike 1-2: Strikes out swinging
|
Batting: LHB Enrique Valentín
|
0-0: Called Strike 0-1: Foul Ball, location: 2F 0-2: Ball 1-2: SINGLE (Line Drive, 9LS)
|
Batting: RHB Juan Carlos
|
0-0: Fly out, F9 (Flyball, 9)
|
Batting: RHB Ron Elazar
|
0-0: Ball 1-0: Foul Ball, location: 2F 1-1: Swinging Strike 1-2: 2-RUN HOME RUN (Flyball, 7LD), Distance : 349 ft
|
Batting: LHB Francisco Cardenas
|
0-0: SINGLE (Line Drive, 78S)
|
Batting: LHB Marcos Cantú
|
0-0: Ball 1-0: Foul Ball, location: 2F 1-1: Foul Ball, location: 2F 1-2: Ball 2-2: Foul Ball, location: 2F 2-2: Ball 3-2: Fly out, F3 (Popup, 23)
|
Bottom of the 4th over - 2 runs, 3 hits, 0 errors, 1 left on base; Texarkana 3 - Houston 4 |
TOP OF THE 5TH |
Texarkana Bears batting - Pitching for Houston Hammertime : LHP Martin White
|
Batting: RHB Roger Rush
|
0-0: Ball 1-0: Called Strike 1-1: Ball 2-1: Ball 3-1: Called Strike 3-2: Foul Ball, location: 2F 3-2: Foul Ball, location: 2F 3-2: Base on Balls
|
Batting: RHB Gilberto López
|
0-0: Ball 1-0: Called Strike 1-1: Ball 2-1: Foul Ball, location: 2F 2-2: Ball 3-2: Ground out 5-3 (Groundball, 56) Roger Rush to second
|
Batting: RHB Eric Green
|
0-0: Called Strike 0-1: Ball 1-1: Ball 2-1: SINGLE (Line Drive, 6M) Roger Rush to third
|
Pitching: RHP António Sánchez
|
|
Batting: LHB Tom Mullins
|
0-0: Called Strike 0-1: 3-RUN HOME RUN (Flyball, 9LD), Distance : 336 ft
|
Batting: RHB Jaime Delgado
|
0-0: Ball 1-0: Ball 2-0: Fly out, F8 (Flyball, 8RM)
|
Batting: RHB Steve Garneys
|
0-0: Ball 1-0: Called Strike 1-1: Called Strike 1-2: Ball 2-2: Strikes out swinging
|
Top of the 5th over - 3 runs, 2 hits, 0 errors, 0 left on base; Texarkana 6 - Houston 4 |
BOTTOM OF THE 5TH |
Houston Hammertime batting - Pitching for Texarkana Bears : RHP Kosami Tagawa
|
Batting: LHB Dave Gordon
|
0-0: Ball 1-0: Ball 2-0: Ball 3-0: Base on Balls
|
Batting: RHB Jorge Barbosa
|
0-0: Ball 1-0: Foul Ball, location: 2F 1-1: Ball 2-1: Ball Wild Pitch! Dave Gordon to second 3-1: Base on Balls
|
Batting: RHB José García
|
0-0: Fielders Choice at 2nd, 1-4 (Groundball, 15S) Dave Gordon to third
|
Batting: LHB António Camacho
|
0-0: Called Strike 0-1: Swinging Strike 0-2: Strikes out swinging
|
Batting: LHB Enrique Valentín
|
0-0: Foul Ball, location: 2F 0-1: Ball 1-1: Ball 2-1: SINGLE (Line Drive, 5D) Dave Gordon scores José García to second
|
Batting: RHB Juan Carlos
|
0-0: Called Strike 0-1: Fly out, F7 (Flyball, 78D)
|
Bottom of the 5th over - 1 run, 1 hit, 0 errors, 2 left on base; Texarkana 6 - Houston 5 |
TOP OF THE 6TH |
Texarkana Bears batting - Pitching for Houston Hammertime : RHP António Sánchez
|
Batting: RHB Michael Thomas
|
0-0: Called Strike 0-1: Swinging Strike 0-2: Ball 1-2: Strikes out swinging
|
Batting: LHB Alberto Medine
|
0-0: Called Strike 0-1: Swinging Strike 0-2: Foul Ball, location: 2F 0-2: Ball 1-2: Fly out, F9 (Flyball, 89S)
|
Batting: LHB Sam Barnes
|
0-0: Ball 1-0: Swinging Strike 1-1: Ball 2-1: Ball 3-1: Base on Balls
|
Batting: RHB Roger Rush
|
0-0: Ball 1-0: Ball 2-0: Ball 3-0: Called Strike 3-1: Fly out, F8 (Flyball, 8LD)
|
Top of the 6th over - 0 runs, 0 hits, 0 errors, 1 left on base; Texarkana 6 - Houston 5 |
BOTTOM OF THE 6TH |
Houston Hammertime batting - Pitching for Texarkana Bears : RHP Kosami Tagawa
|
Pitching: RHP Dave Hammond
|
|
Batting: RHB Ron Elazar
|
0-0: Ball 1-0: Ball 2-0: Foul Ball, location: 2F 2-1: SINGLE (Flyball, 78S)
|
Batting: LHB Francisco Cardenas
|
0-0: Ball 1-0: Foul Ball, location: 2F 1-1: Swinging Strike 1-2: Ball 2-2: Strikes out looking
|
Batting: LHB Marcos Cantú
|
0-0: Called Strike 0-1: Ball 1-1: Foul Ball, location: 2F 1-2: Reached on error, E4 (Groundball, 4) Ron Elazar to second
|
Batting: LHB Dave Gordon
|
0-0: Swinging Strike 0-1: Ball 1-1: Ball 2-1: Ball 3-1: Called Strike 3-2: Foul Ball, location: 2F 3-2: Grounds into double play, 4-6-3 (Groundball, 4)
|
Bottom of the 6th over - 0 runs, 1 hit, 1 error, 1 left on base; Texarkana 6 - Houston 5 |
TOP OF THE 7TH |
Texarkana Bears batting - Pitching for Houston Hammertime : RHP António Sánchez
|
Batting: RHB Gilberto López
|
0-0: Ball 1-0: Called Strike 1-1: Foul Ball, location: 2F 1-2: Ball 2-2: Ball 3-2: Fly out, F5 (Line Drive, 5L)
|
Batting: RHB Eric Green
|
0-0: Called Strike 0-1: Foul Ball, location: 2F 0-2: Strikes out swinging
|
Batting: LHB Tom Mullins
|
0-0: Ball 1-0: Ball 2-0: Foul Ball, location: 2F 2-1: Swinging Strike 2-2: Strikes out swinging
|
Top of the 7th over - 0 runs, 0 hits, 0 errors, 0 left on base; Texarkana 6 - Houston 5 |
BOTTOM OF THE 7TH |
Houston Hammertime batting - Pitching for Texarkana Bears : RHP Dave Hammond
|
Pitching: RHP Cliff Wolfe
|
|
Batting: RHB Jorge Barbosa
|
0-0: Ball 1-0: Swinging Strike 1-1: Called Strike 1-2: Ball 2-2: Ball 3-2: Strikes out looking
|
Batting: RHB José García
|
0-0: Fly out, F8 (Flyball, 8LD)
|
Batting: LHB António Camacho
|
0-0: Ball 1-0: Called Strike 1-1: Ball 2-1: Swinging Strike 2-2: Strikes out swinging
|
Bottom of the 7th over - 0 runs, 0 hits, 0 errors, 0 left on base; Texarkana 6 - Houston 5 |
TOP OF THE 8TH |
Texarkana Bears batting - Pitching for Houston Hammertime : RHP António Sánchez
|
Batting: RHB Jaime Delgado
|
0-0: Called Strike 0-1: SINGLE (Groundball, 56S) (infield hit)
|
Pinch Hitting: RHB Billy Campbell
|
0-0: Called Strike 0-1: Fly out, F8 (Flyball, 8RS)
|
Pinch Hitting: LHB Mark Thomas
|
0-0: Ball Jaime Delgado steals 2nd base 1-0: Intentional Walk
|
Batting: LHB Alberto Medine
|
0-0: Called Strike 0-1: Called Strike Jaime Delgado steals 3rd base 0-2: Strikes out swinging
|
Batting: LHB Sam Barnes
|
0-0: Ball 1-0: Foul Ball, location: 2F 1-1: Ball 2-1: Foul Ball, location: 2F 2-2: Strikes out looking
|
Top of the 8th over - 0 runs, 1 hit, 0 errors, 2 left on base; Texarkana 6 - Houston 5 |
BOTTOM OF THE 8TH |
Houston Hammertime batting - Pitching for Texarkana Bears : RHP Cliff Wolfe
|
Now at 1B: Billy Campbell
|
|
Now at SS: Kun Liu
|
|
Batting: LHB Enrique Valentín
|
0-0: Ball 1-0: Ball 2-0: Called Strike 2-1: Swinging Strike 2-2: Ball 3-2: Foul Ball, location: 2F 3-2: Base on Balls
|
Batting: RHB Juan Carlos
|
0-0: Foul Ball, location: 2F 0-1: Ball 1-1: Ball 2-1: Foul Ball, location: 2F 2-2: Foul Ball, location: 2F 2-2: Foul Ball, location: 2F 2-2: Foul Ball, location: 2F 2-2: Ball 3-2: Base on Balls Enrique Valentín to second
|
Batting: RHB Ron Elazar
|
0-0: Bunted foul 0-1: Sac Bunt - play at first, batter OUT! 2-4 Enrique Valentín to third Juan Carlos to second
|
Batting: LHB Francisco Cardenas
|
0-0: Ball 1-0: Called Strike 1-1: Fly out, F8 (Flyball, 8RS) Runner from 3rd tags up, SCORES, no throw
|
Batting: LHB Marcos Cantú
|
0-0: Foul Ball, location: 2F 0-1: Reaches on Catchers interference
|
Batting: LHB Dave Gordon
|
0-0: Called Strike 0-1: Ball 1-1: Ball 2-1: Foul Ball, location: 2F 2-2: Strikes out swinging
|
Bottom of the 8th over - 1 run, 0 hits, 1 error, 2 left on base; Texarkana 6 - Houston 6 |
TOP OF THE 9TH |
Texarkana Bears batting - Pitching for Houston Hammertime : RHP António Sánchez
|
Pitching: RHP Lewis Sweeney
|
|
Batting: RHB Roger Rush
|
0-0: Ball 1-0: Fly out, F3 (Popup, 34)
|
Batting: RHB Gilberto López
|
0-0: Ball 1-0: Called Strike 1-1: Ball 2-1: Ball 3-1: Base on Balls
|
Pinch Hitting: LHB Cam Flowers
|
0-0: Ball 1-0: Swinging Strike 1-1: Ball 2-1: Foul Ball, location: 2F 2-2: Strikes out swinging
|
Batting: LHB Tom Mullins
|
0-0: Ball 1-0: Called Strike 1-1: Swinging Strike 1-2: Fly out, F7 (Flyball, 7)
|
Top of the 9th over - 0 runs, 0 hits, 0 errors, 1 left on base; Texarkana 6 - Houston 6 |
BOTTOM OF THE 9TH |
Houston Hammertime batting - Pitching for Texarkana Bears : RHP Cliff Wolfe
|
Now at 2B: Cam Flowers
|
|
Pinch Hitting: LHB Francisco Calderón
|
0-0: Called Strike 0-1: Ball 1-1: Ground out 5-3 (Groundball, 5L)
|
Pinch Hitting: LHB Jeffrey Satterley
|
0-0: Called Strike 0-1: Swinging Strike 0-2: Ball 1-2: Ball 2-2: Strikes out looking
|
Batting: LHB António Camacho
|
0-0: Called Strike 0-1: Ball 1-1: Called Strike 1-2: Fly out, F5 (Line Drive, 5)
|
Bottom of the 9th over - 0 runs, 0 hits, 0 errors, 0 left on base; Texarkana 6 - Houston 6 |
TOP OF THE 10TH |
Texarkana Bears batting - Pitching for Houston Hammertime : RHP Lewis Sweeney
|
Now at SS: Santo Cruz
|
|
Now in CF: Jeffrey Satterley
|
|
Batting: RHB Jaime Delgado
|
0-0: Swinging Strike 0-1: Fly out, F8 (Flyball, 8RM)
|
Batting: RHB Billy Campbell
|
0-0: Ball 1-0: Ball 2-0: Foul Ball, location: 2F 2-1: Foul Ball, location: 2F 2-2: Fly out, F7 (Flyball, 78S)
|
Batting: RHB Kun Liu
|
0-0: Called Strike 0-1: Ball 1-1: Ball 2-1: Foul Ball, location: 2F 2-2: Ball 3-2: Ground out U3 (Groundball, 34S)
|
Top of the 10th over - 0 runs, 0 hits, 0 errors, 0 left on base; Texarkana 6 - Houston 6 |
BOTTOM OF THE 10TH |
Houston Hammertime batting - Pitching for Texarkana Bears : RHP Cliff Wolfe
|
Pitching: LHP Manuel Santiago
|
|
Now at 3B: Arturo Rodríguez
|
|
Batting: LHB Enrique Valentín
|
0-0: Foul Ball, location: 2F 0-1: Ball 1-1: Swinging Strike 1-2: Foul Ball, location: 2F 1-2: Strikes out swinging
|
Batting: RHB Juan Carlos
|
0-0: Ball 1-0: Foul Ball, location: 2F 1-1: Fly out, F7 (Flyball, 7S)
|
Batting: RHB Ron Elazar
|
0-0: Called Strike 0-1: Fly out, F3 (Popup, 3SF)
|
Bottom of the 10th over - 0 runs, 0 hits, 0 errors, 0 left on base; Texarkana 6 - Houston 6 |
TOP OF THE 11TH |
Texarkana Bears batting - Pitching for Houston Hammertime : RHP Lewis Sweeney
|
Pitching: LHP Francisco Pérez
|
|
Batting: LHB Alberto Medine
|
0-0: Ball 1-0: Swinging Strike 1-1: Ball 2-1: Swinging Strike 2-2: Ball 3-2: Foul Ball, location: 2F 3-2: Fly out, F9 (Flyball, 9LS)
|
Pinch Hitting: RHB Darwin Crane
|
0-0: Ball 1-0: Swinging Strike 1-1: Ground out 4-3 (Groundball, 4)
|
Batting: RHB Arturo Rodríguez
|
0-0: Ball 1-0: Foul Ball, location: 2F 1-1: Foul Ball, location: 2F 1-2: Strikes out swinging
|
Top of the 11th over - 0 runs, 0 hits, 0 errors, 0 left on base; Texarkana 6 - Houston 6 |
BOTTOM OF THE 11TH |
Houston Hammertime batting - Pitching for Texarkana Bears : LHP Manuel Santiago
|
Now in LF: Darwin Crane
|
|
Pinch Hitting: RHB Raúl Salas
|
0-0: Called Strike 0-1: Foul Ball, location: 2F 0-2: DOUBLE (Line Drive, 7LM)
|
Batting: LHB Marcos Cantú
|
0-0: Intentional Walk
|
Batting: LHB Dave Gordon
|
0-0: Ball 1-0: Called Strike 1-1: Fly out, F7 (Flyball, 7LSF)
|
Batting: RHB Santo Cruz
|
0-0: Ball 1-0: Foul Ball, location: 2F 1-1: Foul Ball, location: 2F 1-2: Ball 2-2: SINGLE (Line Drive, 78S) Raúl Salas to third Marcos Cantú to second Runner from 3rd tries for Home, throw and OUT!
|
Batting: LHB Jeffrey Satterley
|
0-0: Ball 1-0: Fly out, F7 (Flyball, 7LM)
|
Bottom of the 11th over - 0 runs, 2 hits, 0 errors, 2 left on base; Texarkana 6 - Houston 6 |
TOP OF THE 12TH |
Texarkana Bears batting - Pitching for Houston Hammertime : LHP Francisco Pérez
|
Now in LF: Raúl Casillán
|
|
Batting: RHB Gilberto López
|
0-0: Called Strike 0-1: SOLO HOME RUN (Line Drive, 7LD), Distance : 336 ft
|
Batting: LHB Cam Flowers
|
0-0: Called Strike 0-1: Ground out 4-3 (Groundball, 4M)
|
Batting: LHB Tom Mullins
|
0-0: Called Strike 0-1: Fly out, F2 (Popup, 25F)
|
Batting: RHB Jaime Delgado
|
0-0: Ball 1-0: Ground out 5-3 (Groundball, 25)
|
Top of the 12th over - 1 run, 1 hit, 0 errors, 0 left on base; Texarkana 7 - Houston 6 |
BOTTOM OF THE 12TH |
Houston Hammertime batting - Pitching for Texarkana Bears : LHP Manuel Santiago
|
Batting: LHB António Camacho
|
0-0: Called Strike 0-1: Swinging Strike 0-2: Foul Ball, location: 2F 0-2: Ball 1-2: Strikes out looking
|
Batting: LHB Enrique Valentín
|
0-0: Called Strike 0-1: Ball 1-1: Ball 2-1: Called Strike 2-2: Strikes out swinging
|
Batting: RHB Juan Carlos
|
0-0: Foul Ball, location: 2F 0-1: Fly out, F9 (Flyball, 89D)
|
Bottom of the 12th over - 0 runs, 0 hits, 0 errors, 0 left on base; Texarkana 7 - Houston 6 |
|